 Dungeon Crawl Stone Soup version 0.23.1-37-gaa34b87b72 (webtiles) character file.

Game seed: 16374309155685033047

97 Jukra the Magician (level 4, -3/33 HPs)
             Began as a Draconian Wizard on Mar 23, 2019.
             Slain by a worker ant (4 damage)
             ... on level 4 of the Dungeon.
             The game lasted 00:12:41 (2670 turns).

Jukra the Magician (Draconian Wizard)               Turns: 2670, Time: 00:12:41

Health: -3/33      AC:  5    Str:  9    XL:     4   Next: 42%
Magic:  7/10       EV: 12    Int: 19    God:
Gold:   121        SH:  0    Dex: 10    Spells: 8/11 levels left

rFire    . . .     SeeInvis .   b - +0 short sword
rCold    . . .     Gourm    .   (no shield)
rNeg     . . .     Faith    .   (armour unavailable)
rPois    .         Spirit   .   a - +0 hat
rElec    .         Reflect  .   (no cloak)
rCorr    .         Harm     .   (no gloves)
MR       .....                  (no boots)
Stlth    ++........             (no amulet)
HPRegen  0.11/turn              (no ring)
MPRegen  0.12/turn              (no ring)

@: lethally poisoned (-3 -> -20)
A: unfitting armour, cold-blooded, AC +5
a: no special abilities


You were on level 4 of the Dungeon.
You were hungry.

You visited 1 branch of the dungeon, and saw 4 of its levels.

You collected 121 gold pieces.

Inventory:

Hand Weapons
 b - a +0 short sword (weapon)
Armour
 a - a +0 hat (worn)
Jewellery
 g - a cursed ring of teleportation {unknown}
Scrolls
 d - 2 scrolls of remove curse {unknown}
 f - 2 scrolls of identify {unknown}
 h - a scroll of fear {unknown}
 i - a scroll of enchant armour {unknown}
 j - a scroll of teleportation {unknown}
 l - a scroll of amnesia {unknown}
Potions
 e - a potion of degeneration {unknown}
 k - a potion of haste {unknown}
Comestibles
 c - 2 rations


   Skills:
 + Level 0.1 Fighting
 + Level 1.5 Short Blades
 * Level 2.2 Dodging
 + Level 2.1 Stealth
 * Level 4.0 Spellcasting
 * Level 1.6 Conjurations
 * Level 1.1 Summonings
   Level 1.0 Translocations


You had 8 spell levels left.
You knew the following spells:

 Your Spells              Type           Power        Failure   Level  Hunger
a - Magic Dart            Conj           ##..         7%          1    None
b - Call Imp              Summ           #.......     13%         2    ##.....

Your spell library contained the following spells:

 Spells                   Type           Power        Failure   Level  Hunger
 Blink                    Tloc           N/A          14%         2    ##.....
 Slow                     Hex            #.......     21%         2    ##.....
 Conjure Flame            Conj/Fire      #.......     28%         3    ###....
 Mephitic Cloud           Conj/Pois/Air  #.......     32%         3    ###....


Dungeon Overview and Level Annotations

Branches:
Dungeon (4/15)
 Temple: D:4-7

Altars:


Innate Abilities, Weirdness & Mutations

Your plain brown scales are hard. (AC +5)
You cannot fit into any form of body armour.
You are cold-blooded and may be slowed by cold attacks.


Message History

You hit the worker ant.
The worker ant is heavily wounded.
You feel sick. The worker ant bites you.
* * * LOW HITPOINT WARNING * * *
You are more poisoned.
The worker ant poisons you!
You hit the worker ant.
You tail-slap the worker ant, but do no damage.
The worker ant is almost dead.
* * * LOW HITPOINT WARNING * * *
You feel sick. The worker ant bites you.
* * * LOW HITPOINT WARNING * * *
Casting: Magic Dart (safe; 7% risk of failure)
Confirm with . or Enter, or press ? or * to list all spells.
You don't know that spell.
You hit the worker ant.
The worker ant is almost dead.
* * * LOW HITPOINT WARNING * * *
You feel sick. The worker ant bites you.
You die...

.. ####.##
#.....#
#.....##
+......
##+####....#
...........#
.......a@..#
.......<#+##
..>.....#
........#
........#
.......##
.......
.......
##.....


You could see a worker ant.

Vanquished Creatures
  4 adders (D:2)
  A worm (D:2)
  4 leopard geckos (D:1)
  An orc (D:4)
  7 bats
  3 giant cockroaches
  5 goblins
  5 hobgoblins
  3 jackals (D:3)
  A quokka (D:3)
  6 frilled lizards
  8 kobolds
  6 rats
54 creatures vanquished.

Notes
Turn   | Place    | Note
-------+----------+-------------------------------------------
     0 | D:1      | Jukra the Draconian Wizard began the quest for the Orb.
     0 | D:1      | Reached XP level 1. HP: 14/14 MP: 4/4
   374 | D:1      | Reached XP level 2. HP: 20/20 MP: 0/6
   505 | D:1      | Learned a level 2 spell: Call Imp
  1419 | D:2      | Reached XP level 3. HP: 26/26 MP: 4/8
  1528 | D:2      | Reached skill level 1 in Short Blades
  1868 | D:2      | Reached XP level 4. HP: 33/33 MP: 6/9
  2099 | D:2      | Reached skill level 4 in Spellcasting
  2670 | D:4      | HP: 1/33 [poisoned by a worker ant]
  2670 | D:4      | Slain by a worker ant

Skill      XL: |  1  2  3  4 |
---------------+-------------+-----
Stealth        | 2 |  2.1
Dodging        | 2 |  2.2
Short Blades   | 1 |  1.5
Spellcasting   | 4 |  4.0
Fighting       | |  0.1
Conjurations   | |  1.6
Summonings     | |  1.1
Translocations | |  1.0

Action                   |  1- 3 |  4- 6 || total
-------------------------+-------+-------++-------
Melee: Short sword       |    50 |    62 ||   112
       Tailslap          |     2 |     6 ||     8
 Cast: Magic Dart        |    72 |    40 ||   112
       Call Imp          |     1 |       ||     1
 Stab: Sleeping          |     1 |       ||     1
  Eat: Chunk             |     3 |     2 ||     5
Armor: Skin              |    19 |    22 ||    41
Dodge: Dodged            |    36 |    43 ||    79
